 Dungeon Crawl Stone Soup version 0.21.0-25-ge575cb9 (webtiles) character file.

1412 robertstho the Cleaver (level 8, 0/103 HPs)
             Began as a Hill Orc Fighter on Jan 27, 2018.
             Was an Initiate of Beogh.
             Slain by a slave (1 damage)
             ... led by Pikel
             ... on level 6 of the Dungeon.
             The game lasted 00:07:52 (3784 turns).

robertstho the Cleaver (Hill Orc Fighter)           Turns: 3784, Time: 00:07:53

Health: 0/103      AC: 10    Str: 22 (24) XL:     8   Next: 70%
Magic:  8/8        EV:  8    Int:  7 (8)  God:    Beogh [......]
Gold:   231        SH: 10    Dex:  9 (12) Spells: 7/7 levels left

rFire    . . .     SeeInvis .   a - +0 war axe
rCold    . . .     Gourm    .   c - +0 shield
rNeg     . . .     Faith    .   b - +0 scale mail
rPois    .         Spirit   .   k - +0 helmet
rElec    .         Reflect  .   (no cloak)
rCorr    .         Harm     .   h - +0 pair of gloves
MR       .....                  i - +0 pair of boots
Stlth    ..........             (no amulet)
HPRegen  0.27/turn              (no ring)
MPRegen  0.11/turn              (no ring)

@: berserking, very quick
A: no striking features
a: Renounce Religion


You were on level 6 of the Dungeon.
You worshipped Beogh.
Beogh was noncommittal.
You were not hungry.

You visited 2 branches of the dungeon, and saw 7 of its levels.

You collected 231 gold pieces.

Inventory:

Hand Weapons
 a - a +0 war axe (weapon)
Armour
 b - a +0 scale mail (worn)
 c - a +0 shield (worn)
 h - a +0 pair of gloves (worn)
 i - a +0 pair of boots (worn)
 k - a +0 helmet (worn)
Wands
 l - a wand of clouds (6)
 q - a wand of digging (11)
 v - a wand of polymorph (17)
Scrolls
 e - 11 scrolls of identify {unknown}
 g - a scroll of blinking {unknown}
 m - 3 scrolls of teleportation {unknown}
 n - a scroll of amnesia {unknown}
 o - 3 scrolls of enchant armour {unknown}
 p - a scroll of remove curse {unknown}
Books
 s - a book of Misfortune

   Spells                             Type                      Level
   a - Confusing Touch                Hexes                        1
   b - Confuse                        Hexes                        3
   c - Gell's Gravitas                Translocation                3
   d - Petrify                        Transmutation/Earth          4
   e - Metabolic Englaciation         Hexes/Ice                    5
   f - Yara's Violent Unravelling     Hexes/Transmutation          5
Comestibles
 f - 8 rations


   Skills:
 + Level 5.4 Fighting
 * Level 10.7 Axes
 + Level 4.9 Armour
 + Level 1.4 Dodging
 + Level 0.1 Stealth
 + Level 5.5 Shields


You had 7 spell levels left.
You didn't know any spells.

Dungeon Overview and Level Annotations

Branches:
Dungeon (6/15)             Temple (1/1) D:4

Altars:
Ashenzari
Dithmenos
Elyvilon
Fedhas
Gozag
Kikubaaqudgha
Makhleb
Nemelex Xobeh
Okawaru
Qazlal
Ru
Sif Muna
Trog
Uskayaw
Zin
The Shining One

Annotations:
D:6 Pikel


Message History

* * * LOW HITPOINT WARNING * * *
You feel better.
The phantom blinks!
Pikel hits you but does no damage. The slave hits you.
* * * LOW HITPOINT WARNING * * *
The slave hits you.
* * * LOW HITPOINT WARNING * * *
It was a potion of degeneration.
There was something very wrong with that liquid.
You feel weakened.
You feel dopey.
You feel clumsy. Pikel hits you but does no damage.
You block the slave's attack. The slave hits you but does no damage.
It was a potion of cancellation.
You feel magically purged. Pikel hits you but does no damage.
The slave hits you!
* * * LOW HITPOINT WARNING * * *
The slave barely misses you.
It was a potion of berserk rage.
A red film seems to cover your vision as you go berserk!
You feel yourself moving faster!
You feel mighty! You block Pikel's attack. The slave closely misses you.
The slave hits you.
You die...

####+#
#######....####.###
#......W..p@K......
#.........[p[......
#..................
#######...##......##....
.....##...##......# ...
<....'....†.......# ..
.....###+###......# .
.....# #........ .....#
#........


You could see Pikel, a phantom and 2 slaves.

Vanquished Creatures
  Grinder (D:5)
  The ghost of howech the Magician, an amateur GnWz (D:5)
  Sigmund (D:2)
  Duvessa (D:4)
  2 slaves (D:6)
  An ice beast (D:5)
  A sky beast (D:6)
  2 phantoms
  Dowan (D:4)
  A scorpion (D:5)
  A crimson imp (D:5)
  Natasha (twice) (D:4)
  A killer bee zombie (D:5)
  2 hound skeletons
  9 adders
  2 worms
  2 dart slugs (D:3)
  4 leopard geckos
  9 orcs
  3 giant cockroaches
  9 goblins
  12 hobgoblins
  7 jackals
  2 quokkas (D:2)
  A ball python (D:2)
  6 bats
  6 frilled lizards
  8 kobolds
  10 rats
108 creatures vanquished.

Vanquished Creatures (others)
  An orc (D:5)
1 creature vanquished.

Grand Total: 109 creatures vanquished

Notes
Turn   | Place    | Note
-------+----------+-------------------------------------------
     0 | D:1      | robertstho the Hill Orc Fighter began the quest for the Orb.
     0 | D:1      | Reached XP level 1. HP: 19/19 MP: 1/1
   138 | D:1      | Reached XP level 2. HP: 27/27 MP: 2/2
   140 | D:1      | Reached skill level 3 in Axes
   277 | D:1      | Found a glowing golden altar of the Shining One.
   528 | D:1      | Reached XP level 3. HP: 33/33 MP: 3/3
   683 | D:2      | Noticed Sigmund
   696 | D:2      | Killed Sigmund
   696 | D:2      | Reached skill level 5 in Axes
   696 | D:2      | Reached XP level 4. HP: 13/40 MP: 4/4
   696 | D:2      | Reached XP level 5. HP: 15/46 MP: 5/5
   906 | D:2      | Reached skill level 6 in Axes
  1020 | D:2      | Reached XP level 6. HP: 33/53 MP: 6/6
  1437 | D:3      | Found a bloodstained altar of Trog.
  1469 | D:3      | Found a blossoming altar of Fedhas.
  1862 | D:3      | Found a deep blue altar of Sif Muna.
  1954 | D:4      | Noticed a phantom
  1966 | D:4      | Found a staircase to the Ecumenical Temple.
  1977 | D:4      | Killed a phantom
  1977 | D:4      | Reached skill level 7 in Axes
  1997 | Temple   | Entered the Ecumenical Temple
  2324 | D:4      | Noticed Natasha
  2332 | D:4      | Killed Natasha
  2332 | D:4      | Reached skill level 1 in Dodging
  2435 | D:4      | Noticed Natasha
  2436 | D:4      | Killed Natasha
  2436 | D:4      | Reached XP level 7. HP: 60/60 MP: 7/7
  2461 | D:4      | Noticed Duvessa
  2461 | D:4      | Noticed Dowan
  2476 | D:4      | Killed Dowan
  2476 | D:4      | Reached skill level 8 in Axes
  2485 | D:4      | Killed Duvessa
  2972 | D:5      | Entered Level 5 of the Dungeon
  3063 | D:5      | Reached skill level 9 in Axes
  3146 | D:5      | Noticed howech's ghost (amateur GnWz)
  3160 | D:5      | Killed howech's ghost
  3160 | D:5      | Reached skill level 5 in Fighting
  3160 | D:5      | Reached XP level 8. HP: 63/68 MP: 8/8
  3329 | D:5      | Reached skill level 10 in Axes
  3329 | D:5      | Reached skill level 5 in Shields
  3376 | D:5      | Became a worshipper of Beogh the Brigand
  3433 | D:5      | Noticed Grinder
  3434 | D:5      | Paralysed by Grinder for 3 turns
  3453 | D:5      | Paralysed by Grinder for 4 turns
  3460 | D:5      | Killed Grinder
  3757 | D:6      | Noticed Pikel
  3783 | D:6      | HP: 1/69 [slave[Pikel] (8)]
  3784 | D:6      | Slain by a slave

Skill      XL: |  1  2  3  4  5  6  7  8 |
---------------+-------------------------+-----
Axes           | 3 5 6 7 9 10 | 10.7
Fighting       | 4 5 |  5.4
Shields        | 4 5 |  5.5
Dodging        | 1 |  1.4
Armour         | 4 |  4.9
Stealth        | |  0.1

Action                   |  1- 3 |  4- 6 |  7- 9 || total
-------------------------+-------+-------+-------++-------
Melee: War axe           |    60 |   154 |   156 ||   370
Invok: Convert to Beogh  |       |       |     1 ||     1
  Use: Potion            |     1 |       |     7 ||     8
  Eat: Chunk             |       |     5 |     3 ||     8
       Ration            |       |       |     1 ||     1
Armor: Scale mail        |    35 |    68 |    73 ||   176
Dodge: Dodged            |    17 |    39 |    54 ||   110
Block: Shield            |    43 |    68 |    70 ||   181
